 Dungeon Crawl Stone Soup version 0.27-a0-972-gd1521fd518 (webtiles) character file.

Game seed: 13470365740795254388

261 voltaire321 the Ducker (level 5, -5/41 HPs)
             Began as a Demonspawn Gladiator on Apr 13, 2021.
             Was an Initiate of Gozag.
             Slain by Menkaure (17 damage)
             ... on level 4 of the Dungeon.
             The game lasted 00:07:21 (4362 turns).

voltaire321 the Ducker (Demonspawn Gladiator)       Turns: 4362, Time: 00:07:22

Health: -5/41      AC:  6    Str: 16    XL:     5   Next: 96%
Magic:  5/5        EV: 10    Int:  9    God:    Gozag
Gold:   402        SH:  0    Dex: 14    Spells: 4/4 levels left

rFire    . . .     SeeInvis .   a - +0 rapier
rCold    . . .     Faith    .   (no shield)
rNeg     . . .     Spirit   .   b - +0 leather armour
rPois    .         Reflect  .   c - +0 helmet
rElec    .         Harm     .   u - +1 cloak
rCorr    .         Rampage  .   (no gloves)
Will     .....                  (no boots)
Stlth    +.........             g - amulet of the acrobat
HPRegen  0.13/turn              (no ring)
MPRegen  0.09/turn              (no ring)

@: constricted
A: hooves 2, powered by pain 1
a: Renounce Religion, Potion Petition, Call Merchant, Bribe Branch


You were on level 4 of the Dungeon.
You worshipped Gozag.
Gozag was aware of your devotion.
You visited 1 branch of the dungeon, and saw 4 of its levels.

You collected 402 gold pieces.

Inventory:

Hand Weapons
 a - a +0 rapier (weapon)
Missiles
 d - 3 throwing nets (quivered)
 j - 41 poisoned darts
Armour
 b - a +0 leather armour (worn)
 c - a +0 helmet (worn)
 u - a +1 cloak (worn)
Jewellery
 g - an amulet of the acrobat (around neck)
Scrolls
 e - 3 scrolls of amnesia {unknown}
 i - 4 scrolls of summoning {unknown}
 k - 2 scrolls of vulnerability {unknown}
 m - a scroll of blinking {unknown}
 o - a scroll of fear {unknown}
 p - 2 scrolls of silence {unknown}
 q - a scroll of holy word {unknown}
 r - a scroll of enchant weapon {unknown}
Potions
 f - a potion of attraction {unknown}
 h - a potion of curing {unknown}
 l - a potion of might {unknown}
 n - a potion of magic {unknown}
 s - a potion of degeneration {unknown}
 t - 2 potions of brilliance {unknown}


   Skills:
 + Level 3.6 Fighting
 + Level 3.9 Short Blades
 - Level 1.7 Throwing
 + Level 1.9 Armour
 + Level 4.0 Dodging


You had 4 spell levels left.
You didn't know any spells.
Your spell library contained the following spells:

 Spells                   Type           Power      Damage    Failure   Level
 Animate Skeleton         Necr           0%         N/A       45%         1
 Apportation              Tloc           0%         N/A       45%         1
 Corona                   Hex            0%         N/A       45%         1
 Summon Small Mammal      Summ           0%         N/A       45%         1


Dungeon Overview and Level Annotations

Branches:
Dungeon (4/15)
 Temple: D:4-7

Altars:
Gozag
Yredelemnul

Annotations:
D:4 Menkaure


Innate Abilities, Weirdness & Mutations

You have hoof-like feet.
You sometimes gain a little power by taking damage.


Message History

The ball python bites you but does no damage.
The ball python barely misses you.
You completely miss the ball python. You kick the ball python.
The ball python is severely wounded.
The ball python bites you but does no damage.
The ball python grabs you. The ball python constricts you.
You hit Menkaure but do no damage. You kick Menkaure.
Menkaure is lightly damaged.
The ball python bites you but does no damage.
The ball python constricts you.
You hit Menkaure.
Menkaure is moderately damaged.
The ball python bites you but does no damage.
The ball python constricts you. Menkaure closely misses you.
You hit Menkaure.
Menkaure is heavily damaged.
The ball python closely misses you. The ball python constricts you.
Menkaure points at you and mumbles some strange words.
Pain shoots through your body!
The ball python bites you but does no damage.
The ball python constricts you.
You barely miss Menkaure. You kick Menkaure, but do no damage.
Menkaure is heavily damaged.
Menkaure hits you.
The ball python bites you but does no damage.
The ball python constricts you.
You barely miss Menkaure. You kick Menkaure.
Menkaure is heavily damaged.
The ball python bites you but does no damage.
The ball python constricts you. Menkaure hits you!
* * * LOW HITPOINT WARNING * * *
You hit Menkaure but do no damage. You kick Menkaure.
Menkaure is heavily damaged.
The ball python barely misses you. The ball python constricts you.
You hit Menkaure. You kick Menkaure.
Menkaure is almost destroyed.
The ball python closely misses you. The ball python constricts you.
Menkaure hits you!
You die...
Your body crumbles into a pile of gold.

..## ###...## #.##.##
##.... .##
####..)##### #.####
##... ##
#..........####.#
##.. #
#............##.# ##'
#####...(...##8..8###
#.
.....###...##....._#
#####. ####.#
#...####..### #.....
## #.# #...##.....#
#.....
.###.####.#####.@##
####..... ..........#
#..MS..# #........
..##.######
###..########.###.##.
.....# ....
#..........##. .#####
##..# ######.###.##.
.# .... #.......) .#
##### .#8# #####.##.
.# #...# ##### #....
## #...# #####.


You could see Menkaure and a ball python.

Vanquished Creatures
  A necrophage (D:4)
  Crazy Yiuf (D:4)
  An orc wizard (D:4)
  2 adders
  2 worms
  3 dart slugs
  3 orcs (D:4)
  6 ball pythons
  8 endoplasms
  A giant cockroach (D:1)
  6 goblins
  5 hobgoblins
  13 jackals
  9 kobolds
  A quokka (D:2)
  7 bats
  4 frilled lizards
  2 rats
75 creatures vanquished.

Notes
Turn   | Place    | Note
-------+----------+-------------------------------------------
     0 | D:1      | voltaire321 the Demonspawn Gladiator began the quest for
                  | the Orb.
     0 | D:1      | Reached XP level 1. HP: 16/16 MP: 1/1
   395 | D:1      | Gained mutation: You sometimes gain a little power by
                  | taking damage. [demonic ancestry]
   395 | D:1      | Reached XP level 2. HP: 22/22 MP: 2/2
   550 | D:1      | Reached skill level 3 in Dodging
  1061 | D:1      | Reached XP level 3. HP: 28/28 MP: 3/3
  1783 | D:2      | Found a faded altar of an unknown god.
  1790 | D:2      | Became a worshipper of Gozag Ym Sagoz the Greedy
  2334 | D:3      | Gained mutation: You have large cloven feet. [demonic
                  | ancestry]
  2334 | D:3      | Reached XP level 4. HP: 27/34 MP: 4/4
  3488 | D:4      | Noticed a necrophage
  3496 | D:4      | Killed a necrophage
  3497 | D:4      | Reached skill level 1 in Armour
  3497 | D:4      | Gained mutation: You have hoof-like feet. [demonic
                  | ancestry]
  3497 | D:4      | Reached XP level 5. HP: 32/41 MP: 5/5
  3621 | D:4      | Found a runed translucent door.
  3622 | D:4      | Noticed Crazy Yiuf
  3631 | D:4      | Killed Crazy Yiuf
  3996 | D:4      | Found a basalt altar of Yredelemnul.
  4001 | D:4      | Reached skill level 4 in Dodging
  4351 | D:4      | Noticed Menkaure
  4362 | D:4      | Slain by Menkaure

Illustrated notes

Levels and vault maps discovered:
D:1:      enne_arrival_octagon_isle, layout_basic
D:2:      layout_rooms, shapermc_ecumenical_altar_mp_ritualfount
D:3:      layout_basic
D:4:      layout_loops_corners, minitemple, uniq_crazy_yiuf_cottage,
          uniq_menkaure

Skill      XL: |  1  2  3  4  5 |
---------------+----------------+-----
Short Blades   | 3 |  3.9
Dodging        | 3 4 |  4.0
Fighting       | 3 |  3.6
Armour         | 1 |  1.9
Throwing       | |  1.7

Action                   |  1- 3 |  4- 6 || total
-------------------------+-------+-------++-------
Melee: Rapier            |   151 |   101 ||   252
       Kick              |       |    30 ||    30
 Stab: Distracted        |       |     1 ||     1
Armor: Leather armour    |    44 |    22 ||    66
Dodge: Dodged            |   113 |    86 ||   199

Table legend: (Time is in decaauts)
 A = Elapsed time spent in this place.
 B = Non-inter-level travel time spent in this place.
 C = Inter-level travel time spent in this place.
 D = Time resting spent in this place.
 E = Time spent auto-exploring this place.
 F = Levels seen in this place.
 G = Mean time per level.
                   A        B        C        D        E       F      G
               +--------+--------+--------+--------+--------+-----+--------+
         Total |   4372 |   4296 |     76 |    576 |   2985 |   4 | 1093.0 |
       Dungeon |   4372 |   4296 |     76 |    576 |   2985 |   4 | 1093.0 |
               +--------+--------+--------+--------+--------+-----+--------+

Top non-repeatable levels by time:
     D:1: 1281 daAuts
     D:3: 1219 daAuts
     D:4: 1090 daAuts
     D:2: 781 daAuts
